 Dungeon Crawl Stone Soup version 0.21.1-1-g345015f (webtiles) character file.

16546 nicolaieve the Severer (level 12, -1/103 HPs)
             Began as a Minotaur Berserker on June 10, 2018.
             Was a High Priest of Trog.
             Slain by a two-headed ogre
             ... wielding a +0 giant spiked club
              (7 damage)
             ... on level 10 of the Dungeon on June 11, 2018.
             The game lasted 01:45:38 (11023 turns).

nicolaieve the Severer (Minotaur Berserker)        Turns: 11023, Time: 01:45:39

Health: -1/103     AC: 14    Str: 23    XL:     12   Next: 11%
Magic:  11/11      EV: 14    Int:  4    God:    Trog [*****.]
Gold:   719        SH:  0    Dex: 14    Spells: 11/11 levels left

rFire    . . .     SeeInvis .   P - +2 battleaxe (venom)
rCold    + + .     Gourm    .   (shield currently unavailable)
rNeg     . . .     Faith    +   u - +3 scale mail {rC+}
rPois    .         Spirit   .   (helmet restricted)
rElec    .         Reflect  .   (no cloak)
rCorr    .         Harm     .   (no gloves)
MR       .....                  p - +0 pair of boots
Stlth    ..........             q - amulet of faith
HPRegen  0.27/turn              a - ring of protection from cold
MPRegen  0.12/turn              b - +2 ring of protection

@: no status effects
A: retaliatory headbutt, horns 2
a: Berserk, Trog's Hand, Brothers in Arms, Burn Spellbooks, Renounce Religion


You were on level 10 of the Dungeon.
You worshipped Trog.
Trog was extremely pleased with you.
You were not hungry.

You visited 2 branches of the dungeon, and saw 14 of its levels.

You collected 835 gold pieces.
You spent 116 gold pieces at shops.

Inventory:

Hand Weapons
 A - a +1 shortbow of freezing
 E - a +0 whip of venom
 J - a +1 whip of flaming
 L - a +1 hand axe of flaming
 P - a +2 battleaxe of venom (weapon)
 U - a +4 antimagic battleaxe
Missiles
 f - 318 stones (quivered)
 z - 279 arrows
Armour
 p - a +0 pair of boots (worn)
 u - a +3 scale mail of cold resistance (worn)
Jewellery
 a - a ring of protection from cold (left hand)
 b - a +2 ring of protection (right hand)
 n - an uncursed ring of see invisible
 q - an amulet of faith (around neck)
 v - an uncursed ring of stealth
 x - an uncursed ring of resist corrosion
 y - an uncursed ring of positive energy
Wands
 I - a wand of acid (3)
 M - a wand of scattershot (10)
 Q - a wand of digging (15)
 W - a wand of random effects (40)
 Y - a wand of iceblast (9)
 Z - a wand of disintegration (13)
Scrolls
 d - 2 scrolls of enchant weapon
 h - 3 scrolls of amnesia
 i - 2 scrolls of random uselessness
 j - 3 scrolls of magic mapping
 o - 5 scrolls of teleportation {unknown}
 t - 3 scrolls of blinking {unknown}
 C - 6 scrolls of remove curse
 G - 3 scrolls of enchant armour {unknown}
 H - a scroll of torment {unknown}
 O - a scroll of holy word {unknown}
 S - 2 scrolls of fear {unknown}
Potions
 e - 4 potions of haste
 g - 8 potions of curing
 m - a potion of might
 r - 6 potions of mutation
 w - a potion of berserk rage
 B - 2 potions of agility
 D - a potion of flight
 F - a potion of lignification
 K - a potion of invisibility
 R - 3 potions of ambrosia
 T - a potion of brilliance
 X - a potion of heal wounds
Miscellaneous
 N - a lamp of fire
Comestibles
 c - 31 rations
 k - 9 chunks of flesh


   Skills:
 - Level 8.6 Fighting
 * Level 18.2 Axes
 - Level 1.1 Bows
 - Level 8.6 Armour
 - Level 7.3 Dodging


You had 11 spell levels left.
You didn't know any spells.

Dungeon Overview and Level Annotations

Branches:
Dungeon (10/15)            Temple (0/1) D:7            Lair (4/6) D:8
 Shoals (0/4) Lair:2       Spider (0/4) Lair:3
    Orc: D:9-12

Altars:
Dithmenos
Makhleb
Okawaru
Qazlal
Trog
Vehumet
Yredelemnul

Shops:
D:8 (:*[:

Annotations:
Lair:1 exclusion: oklob plant
Lair:3 Gastronok


Innate Abilities, Weirdness & Mutations

You reflexively headbutt those who attack you in melee.
You have a pair of horns on your head.


Message History

Trog accepts your kill.
A two-headed ogre comes into view. It is wielding two giant spiked clubs.
The two-headed ogre barely misses you. The two-headed ogre closely misses you.
The two-headed ogre hits you with a giant spiked club!
The two-headed ogre barely misses you.
The two-headed ogre hits you with a giant spiked club!
* * * LOW HITPOINT WARNING * * *
The two-headed ogre closely misses you. The two-headed ogre misses you.
The two-headed ogre hits you but does no damage.
The two-headed ogre hits you with a giant spiked club.
* * * LOW HITPOINT WARNING * * *
The two-headed ogre completely misses you.
The two-headed ogre hits you with a giant spiked club.
* * * LOW HITPOINT WARNING * * *
The two-headed ogre hits you with a giant spiked club!
* * * LOW HITPOINT WARNING * * *
The two-headed ogre barely misses you.
The two-headed ogre hits you with a giant spiked club!
You die...

##### #<..# #.>.#
#####.... ...........
#.. #########.#
#..####### #.#
#...O@...# #.#
#......#.###########)#
#.##.................#
# ###.....########..#
###.#.## ##.. #.#..#
#.# #.##.## #..
#.....# ##. ###.#.##
#.


You could see a two-headed ogre.

Vanquished Creatures
  2 hydras
  A death yak (Lair:2)
  A two-headed ogre (D:10)
  An unseen horror (D:10)
  Pikel (D:6)
  The ghost of theblackcape the Ruffian, a novice TrTm (D:5)
  3 spiny frogs (Lair:1)
  A komodo dragon (D:8)
  A troll (D:10)
  A hornet (D:10)
  5 blink frogs (Lair:1)
  Prince Ribbit (D:5)
  2 hippogriffs
  A redback (Lair:3)
  Sigmund (D:5)
  A spriggan (D:8)
  2 wyverns
  2 basilisks
  3 yaks (Lair:3)
  Edmund (D:5)
  Menkaure (D:6)
  3 water moccasins
  Duvessa (D:3)
  7 porcupines
  5 ice beasts
  4 slaves (D:6)
  2 orc warriors
  A sky beast (D:5)
  5 black bears
  3 ogres
  11 centaurs
  A phantom (D:10)
  4 wolves (Lair:2)
  7 crocodiles
  2 big kobolds
  12 bullfrogs
  Dowan (D:3)
  A water moccasin skeleton (D:8)
  2 scorpions
  4 killer bees (D:9)
  3 wights (D:6)
  3 crimson imps (D:5)
  2 centaur zombies
  A bullfrog zombie (D:6)
  4 orc priests
  6 hounds
  4 jellies
  3 bullfrog skeletons
  2 centaur skeletons
  5 iguanas
  3 orc wizards
  9 worker ants
  A killer bee zombie (D:9)
  Robin (D:2)
  A worker ant zombie (D:7)
  15 adders
  4 gnolls (D:7)
  2 shadow imps
  An adder zombie (D:6)
  An adder skeleton (D:6)
  2 dart slugs (D:1)
  5 leopard geckos
  41 orcs
  2 giant cockroaches
  14 goblins
  12 hobgoblins
  20 jackals
  17 kobolds
  4 quokkas
  2 ball pythons
  9 bats
  5 frilled lizards
  A leopard gecko skeleton (D:4)
  7 rats
  A fungus (Lair:2)
  3 plants
325 creatures vanquished.

Vanquished Creatures (others)
  An orc wizard (D:5)
  A plant (D:8)
2 creatures vanquished.

Grand Total: 327 creatures vanquished

Notes
Turn   | Place    | Note
-------+----------+-------------------------------------------
     0 | D:1      | nicolaieve the Minotaur Berserker began the quest for the Orb.
     0 | D:1      | Reached XP level 1. HP: 19/19 MP: 0/0
   169 | D:1      | Reached skill level 4 in Axes
   169 | D:1      | Reached XP level 2. HP: 27/27 MP: 1/1
   673 | D:2      | Reached XP level 3. HP: 23/34 MP: 2/2
   827 | D:2      | Reached ** piety under Trog
  1132 | D:2      | Noticed Robin
  1140 | D:2      | Reached XP level 4. HP: 37/41 MP: 3/3
  1147 | D:2      | Killed Robin
  1147 | D:2      | Reached skill level 5 in Fighting
  1147 | D:2      | Reached skill level 5 in Axes
  1639 | D:3      | Reached *** piety under Trog
  1765 | D:3      | Reached XP level 5. HP: 38/48 MP: 4/4
  1987 | D:3      | Found a transporter.
  1991 | D:3      | Found a transporter.
  2004 | D:3      | Found a basalt altar of Yredelemnul.
  2004 | D:3      | Found an iron altar of Okawaru.
  2005 | D:3      | Found a radiant altar of Vehumet.
  2505 | D:4      | Noticed Duvessa
  2506 | D:4      | Noticed Dowan
  2529 | D:3      | Reached XP level 6. HP: 18/56 MP: 5/5
  2709 | D:4      | Reached skill level 5 in Armour
  2845 | D:3      | Killed Duvessa
  2866 | D:3      | Killed Dowan
  2916 | D:4      | Reached XP level 7. HP: 39/61 MP: 6/6
  3155 | D:3      | Received a gift from Trog
  3272 | D:4      | Reached skill level 5 in Dodging
  3398 | D:5      | Entered Level 5 of the Dungeon
  3410 | D:5      | Reached skill level 6 in Axes
  3531 | D:5      | Noticed theblackcape's ghost (novice TrTm)
  3654 | D:5      | Noticed Sigmund
  3750 | D:5      | Killed Sigmund
  3750 | D:5      | Reached skill level 1 in Bows
  3750 | D:5      | Reached XP level 8. HP: 63/70 MP: 7/7
  3823 | D:5      | Reached skill level 7 in Axes
  3938 | D:5      | Killed theblackcape's ghost
  3938 | D:5      | Reached skill level 8 in Axes
  3952 | D:5      | Reached skill level 9 in Axes
  4194 | D:5      | Noticed Prince Ribbit
  4212 | D:5      | Killed Prince Ribbit
  4342 | D:5      | Noticed Edmund
  4352 | D:5      | Killed Edmund
  4352 | D:5      | Reached **** piety under Trog
  4352 | D:5      | Reached XP level 9. HP: 79/79 MP: 8/8
  4377 | D:5      | Reached skill level 10 in Axes
  4642 | D:6      | Noticed Pikel
  4664 | D:6      | Killed Pikel
  4664 | D:6      | Reached skill level 11 in Axes
  4927 | D:6      | Reached skill level 12 in Axes
  4974 | D:6      | Noticed Menkaure
  4983 | D:6      | Killed Menkaure
  5481 | D:7      | Reached ***** piety under Trog
  5481 | D:7      | Reached skill level 13 in Axes
  5582 | D:7      | Reached XP level 10. HP: 84/86 MP: 9/9
  6053 | D:7      | Found a staircase to the Ecumenical Temple.
  6152 | D:7      | Found a burning altar of Makhleb.
  6565 | D:8      | Found Yshrolat's Book Emporium.
  6579 | D:8      | Found Foinorch's Assorted Antiques.
  6583 | D:8      | Bought a scroll labeled WAEBAM NEORERCH for 31 gold pieces
  6583 | D:8      | Bought a scroll labeled OPENYS AFIQE for 31 gold pieces
  6583 | D:8      | Bought a silvery potion for 27 gold pieces
  6583 | D:8      | Bought a smoky dark potion for 27 gold pieces
  6592 | D:8      | Found Ephe's Antique Armour Shop.
  6628 | D:8      | Found Maeru's Book Boutique.
  6655 | D:8      | Found a shadowy altar of Dithmenos.
  6715 | D:8      | Found a bloodstained altar of Trog.
  6722 | D:8      | Reached skill level 14 in Axes
  6725 | D:8      | Received a gift from Trog
  6791 | D:8      | Found Fosmonn's Weapon Boutique.
  6890 | D:8      | Found a staircase to the Lair.
  7099 | Lair:1   | Entered Level 1 of the Lair of Beasts
  7254 | Lair:1   | Noticed a spiny frog
  7270 | Lair:1   | HP: 3/86 [spiny frog (3)]
  7288 | Lair:1   | Killed a spiny frog
  7288 | Lair:1   | Reached skill level 15 in Axes
  7314 | Lair:1   | Noticed a five-headed hydra
  7324 | Lair:1   | Killed a one-headed hydra
  7382 | Lair:1   | Noticed a spiny frog
  7393 | Lair:1   | Killed a spiny frog
  7393 | Lair:1   | Reached XP level 11. HP: 88/94 MP: 10/10
  7428 | Lair:1   | Got a translucent whip
  7686 | Lair:1   | Noticed an oklob plant
  8464 | Lair:2   | Found a staircase to the Shoals.
  8540 | Lair:2   | Found a stormy altar of Qazlal.
  9323 | Lair:3   | Noticed a seven-headed hydra
  9334 | Lair:2   | Reached skill level 16 in Axes
  9410 | Lair:3   | Noticed a death yak
  9416 | Lair:3   | Noticed a death yak
  9421 | Lair:2   | Killed a death yak
  9825 | Lair:3   | Found a hole to the Spider Nest.
  9944 | Lair:3   | Killed a one-headed hydra
  9944 | Lair:3   | Reached skill level 17 in Axes
  9977 | Lair:3   | Noticed Gastronok
 10065 | Lair:4   | Noticed a seven-headed hydra
 10301 | D:9      | Received a gift from Trog
 10704 | D:10     | Entered Level 10 of the Dungeon
 10889 | D:10     | Killed an unseen horror
 10889 | D:10     | Reached XP level 12. HP: 54/103 MP: 11/11
 10912 | D:10     | Reached skill level 18 in Axes
 11005 | D:10     | Noticed a two-headed ogre
 11011 | D:10     | Killed a two-headed ogre
 11013 | D:10     | Noticed a two-headed ogre
 11022 | D:10     | HP: 5/103 [two-headed ogre/giant spiked club (7)]
 11023 | D:10     | Slain by a two-headed ogre

Skill      XL: |  1  2  3  4  5  6  7  8  9 10 11 12 |
---------------+-------------------------------------+-----
Fighting       | 4 5 7 8 |  8.6
Axes           | 4 5 6 9 13 15 17 18 | 18.2
Armour         | 3 4 6 7 8 |  8.6
Dodging        | 3 4 6 7 |  7.3
Bows           | 1 |  1.1

Action                   |  1- 3 |  4- 6 |  7- 9 | 10-12 || total
-------------------------+-------+-------+-------+-------++-------
Melee: Hand axe          |    89 |   127 |   326 |   446 ||   988
       Headbutt          |    14 |    23 |    67 |   120 ||   224
       Battleaxe         |       |       |       |    59 ||    59
Invok: Berserk           |       |     4 |     6 |     8 ||    18
       Trog's Hand       |       |     2 |     1 |     2 ||     5
  Use: Scroll            |       |     6 |     6 |     5 ||    17
       Potion            |       |     3 |       |     1 ||     4
  Eat: Chunk             |     1 |     7 |    14 |    18 ||    40
       Ration            |       |     1 |       |     2 ||     3
Armor: Ring mail         |     3 |       |       |       ||     3
       Scale mail        |    43 |    93 |   109 |   181 ||   426
Dodge: Dodged            |    53 |   105 |   186 |   290 ||   634
